 Dungeon Crawl Stone Soup version 0.23.0 (webtiles) character file.

Game seed: 8899231922629238750

242580 GordonOverkill the Eclecticist (level 18, -13/149 HPs)
             Began as a Mummy Wizard on Feb 8, 2019.
             Was an Initiate of Gozag.
             Mangled by Mennas
             ... wielding a +3 sacred scourge of holy wrath
              (19 damage)
             ... on level 2 of the Vaults on Feb 9, 2019.
             The game lasted 04:43:56 (70610 turns).

GordonOverkill the Eclecticist (Mummy Wizard)      Turns: 70610, Time: 04:43:57

Health: -13/149    AC: 21    Str: 10    XL:     18   Next: 68%
Magic:  42/47      EV: 15    Int: 25    God:    Gozag
Gold:   9545       SH:  7    Dex: 14    Spells: 1/49 levels left

rFire    . . .     SeeInvis +   W - +8 trident (freeze)
rCold    + . .     Gourm    .   O - +2 buckler {rF+}
rNeg     + + +     Faith    .   a - +2 robe {MR+}
rPois    ∞         Spirit   .   z - +2 helmet {SInv}
rElec    .         Reflect  .   u - +2 cloak
rCorr    .         Harm     .   i - +2 pair of gloves {Dex+3}
MR       +++..                  P - +2 pair of boots
Stlth    +.........             k - amulet of magic regeneration
HPRegen  0.34/turn              I - ring of magical power
MPRegen  0.55/turn              n - +5 ring of protection

@: glowing, silenced, very slow
A: no food or potions, fire vulnerability, cold resistance 1, negative energy
resistance 3, torment resistance, unbreathing, in touch with death 1
}: 2/15 runes: barnacled, gossamer
a: Renounce Religion


You were on level 2 of the Vaults.
You worshipped Gozag.
Gozag was greatly pleased with you.
You were not hungry.

You visited 7 branches of the dungeon, and saw 34 of its levels.
You visited 1 bazaar.
You also visited: Ossuary, Bailey and Volcano.

You collected 15704 gold pieces.
You spent 3775 gold pieces at shops.
You paid 2384 gold pieces to Gozag.

Inventory:

Hand Weapons
 W - a +8 trident of freezing (weapon)
 X - a +0 demon trident
Missiles
 l - 8 throwing nets (quivered)
Armour
 a - a +2 robe of magic resistance (worn)
 f - a +2 robe of the Archmagi
 i - a +2 pair of gloves of dexterity (worn)
 u - a +2 cloak (worn)
 v - the +7 large shield of Precision Catastrophes {rN+ MR+}
   (You took it off an orc priest on level 9 of the Dungeon)

   It protects you from negative energy.
   It affects your resistance to hostile enchantments.
 z - a +2 helmet of see invisible (worn)
 C - the +1 leather armour "Calorr" {rElec Int+2 SInv}
   (You found it on level 1 of the Vaults)

   It affects your intelligence (+2).
   It insulates you from electricity.
   It lets you see invisible.
 O - a +2 buckler of fire resistance (worn)
 P - a +2 pair of boots (worn)
Magical Staves
 Z - an uncursed staff of death
Jewellery
 k - an amulet of magic regeneration (around neck)
 n - a +5 ring of protection (right hand)
 p - an uncursed ring of fire
 q - an uncursed ring of resist corrosion
 w - an uncursed ring of wizardry
 I - a ring of magical power (left hand)
 K - a +5 amulet of reflection
 N - an uncursed ring of fire
Wands
 d - a wand of acid (37)
 e - a wand of disintegration (37)
 o - a wand of paralysis (19)
 t - a wand of clouds (4)
 A - a wand of polymorph (35)
 E - a wand of digging (11)
 R - a wand of random effects (11)
 T - a wand of iceblast (7)
Scrolls
 b - 21 scrolls of remove curse
 c - 6 scrolls of amnesia
 g - 6 scrolls of immolation
 h - 17 scrolls of teleportation
 m - a scroll of silence
 x - 9 scrolls of enchant weapon
 B - 2 scrolls of vulnerability
 D - 2 scrolls of enchant armour
 F - 4 scrolls of blinking
 H - 14 scrolls of identify
 M - 4 scrolls of magic mapping
 Q - 4 scrolls of fog
 U - a scroll of summoning
 V - a scroll of fear
Miscellaneous
 s - a phial of floods (inert)
 G - a crystal ball of energy
 S - 2 sacks of spiders


   Skills:
 - Level 15.0 Fighting
 - Level 6.0 Dodging
 - Level 1.5 Stealth
 - Level 4.0 Shields
 - Level 16.0 Spellcasting
 - Level 10.0 Conjurations
 - Level 5.0 Hexes
 - Level 11.0 Summonings
 + Level 13.9 Necromancy
 - Level 2.0 Translocations
 - Level 3.0 Fire Magic
 - Level 8.0 Air Magic
 - Level 5.0 Earth Magic
 - Level 2.0 Poison Magic
 - Level 7.0 Evocations


You had one spell level left.
You knew the following spells:

 Your Spells              Type           Power        Failure   Level  Hunger
a - Death Channel         Necr           #######...   1%          6    N/A
b - Borgnjor's Vile Clut  Necr/Erth      #######...   1%          5    N/A
c - Blink                 Tloc           N/A          1%          2    N/A
d - Dispel Undead         Necr           #######.     1%          5    N/A
e - Conjure Flame         Conj/Fire      ######..     1%          3    N/A
f - Mephitic Cloud        Conj/Pois/Air  ######..     1%          3    N/A
g - Airstrike             Air            ######....   1%          4    N/A
h - Spectral Weapon       Hex/Chrm       ####....     2%          3    N/A
i - Sticky Flame          Conj/Fire      ######..     1%          4    N/A
j - Summon Mana Viper     Hex/Summ       ######..     2%          5    N/A
k - Infestation           Necr           #######...   50%         8    N/A

Your spell library contained the following spells:

 Spells                   Type           Power        Failure   Level  Hunger
 Corona                   Hex            #####..      1%          1    N/A
 Flame Tongue             Conj/Fire      #####        1%          1    N/A
 Magic Dart               Conj           ####         1%          1    N/A
 Shock                    Conj/Air       ####         1%          1    N/A
 Infusion                 Chrm           ###.         2%          1    N/A
 Corpse Rot               Necr           N/A          0%          2    N/A
 Call Imp                 Summ           ######..     1%          2    N/A
 Ensorcelled Hibernation  Hex/Ice        ####..       1%          2    N/A
 Poisonous Vapours        Pois/Air       #####.       1%          2    N/A
 Searing Ray              Conj           ######       1%          2    N/A
 Slow                     Hex            #####...     1%          2    N/A
 Swiftness                Chrm/Air       #####...     1%          2    N/A
 Throw Flame              Conj/Fire      ######       1%          2    N/A
 Confuse                  Hex            #####...     1%          3    N/A
 Dazzling Spray           Conj/Hex       ######       1%          3    N/A
 Inner Flame              Hex/Fire       #####...     1%          3    N/A
 Recall                   Summ/Tloc      N/A          1%          3    N/A
 Static Discharge         Conj/Air       ######..     1%          3    N/A
 Tukima's Dance           Hex            #####...     1%          3    N/A
 Animate Dead             Necr           N/A          1%          4    N/A
 Fulminant Prism          Conj/Hex       ######....   1%          4    N/A
 Iskenderun's Mystic Bla  Conj           ######..     1%          4    N/A
 Agony                    Necr           #######.     1%          5    N/A
 Aura of Abjuration       Summ           ######....   1%          5    N/A
 Bolt of Draining         Conj/Necr      #######...   1%          5    N/A
 Lightning Bolt           Conj/Air       ######....   1%          5    N/A
 Summon Demon             Summ           ######....   1%          5    N/A
 Shroud of Golubria       Chrm/Tloc      ####......   2%          2    N/A
 Force Lance              Conj/Tloc      ######..     2%          4    N/A
 Song of Slaying          Chrm           ###.....     4%          2    N/A
 Excruciating Wounds      Chrm/Necr      ######....   4%          5    N/A
 Fireball                 Conj/Fire      ######....   4%          5    N/A
 Silence                  Hex/Air        ######....   4%          5    N/A
 Summon Forest            Summ/Tloc      ######....   4%          5    N/A
 Shadow Creatures         Summ           N/A          4%          6    N/A
 Bolt of Magma            Conj/Fire/Erth ######....   6%          5    N/A
 Venom Bolt               Conj/Pois      ######....   6%          5    N/A
 Iskenderun's Battlesphe  Conj/Chrm      #####...     10%         5    N/A
 Haunt                    Necr/Summ      #######...   14%         7    N/A
 Iron Shot                Conj/Erth      ######....   19%         6    N/A
 Simulacrum               Ice/Necr       ######....   24%         6    N/A
 Spellforged Servitor     Conj/Summ      ######....   30%         7    N/A
 Freezing Cloud           Conj/Ice/Air   ######....   34%         6    N/A
 Orb of Destruction       Conj           ######....   36%         7    N/A
 Darkness                 Hex            #####.....   45%         6    N/A
 Ring of Flames           Chrm/Fire      ####......   100%        7    N/A
 Sublimation of Blood     Necr           Unusable     N/A         2    N/A
 Regeneration             Chrm/Necr      Unusable     N/A         3    N/A
 Borgnjor's Revivificati  Necr           Unusable     N/A         8    N/A
 Death's Door             Chrm/Necr      Unusable     N/A         8    N/A
 Necromutation            Tmut/Necr      Unusable     N/A         8    N/A

Dungeon Overview and Level Annotations

Branches:
Dungeon (15/15)            Temple (1/1) D:6            Lair (6/6) D:8
 Shoals (4/4) Lair:2       Spider (4/4) Lair:2        Slime (0/5) Lair:5
    Orc (2/2) D:12            Elf (0/3) Orc:2        Vaults (2/5) D:14
  Crypt (0/3) Vaults:2     Depths (0/5) D:15

Altars:
Ashenzari
Cheibriados
Dithmenos
Elyvilon
Fedhas
Gozag
Hepliaklqana
Kikubaaqudgha
Makhleb
Nemelex Xobeh
Okawaru
Qazlal
Ru
Sif Muna
Trog
Uskayaw
Vehumet
Wu Jian
Xom
Yredelemnul
Zin
The Shining One

Shops:
D:10 [   Orc:1 (   Orc:2 :[=*   Vaults:2 }[

Annotations:
Shoals:1 3 runed translucent doors, exclusions: downstairs and obsidian statue, u8DcoWsLy's ghost, journeyman HuBe
Vaults:2 Mennas


Innate Abilities, Weirdness & Mutations

You do not eat or drink.
Your flesh is vulnerable to fire.
You are immune to poison.
Your flesh is cold resistant. (rC+)
You are immune to negative energy. (rN+++)
You are immune to unholy pain and torment.
You can survive without breathing.
You are in touch with the powers of death.


Message History

Mennas hits you with a +3 sacred scourge of holy wrath!!
You convulse!
You block Mennas's attack.
Mennas blocks your water elemental's attack. x2
Mennas hits you with a +3 sacred scourge of holy wrath!!
* * * LOW HITPOINT WARNING * * *
You convulse.
* * * LOW HITPOINT WARNING * * *
You block Mennas's attack.
Mennas blocks your water elemental's attack. x2
You swap places.
Mennas completely misses you.
Mennas hits you with a +3 sacred scourge of holy wrath!
* * * LOW HITPOINT WARNING * * *
You convulse!
* * * LOW HITPOINT WARNING * * *
You block Mennas's attack. Mennas closely misses you.
Your water elemental hits Mennas.
Mennas blocks your water elemental's attack.
Mennas hits you with a +3 sacred scourge of holy wrath!!
You die...
Your body crumbles into a pile of gold.

#..# #.....(.# *....,#,,,,,*,
#.Z# #.......# *.#.#.#,,,,,,,
#..# #.......# *.#.#.#,,,*,,,
#.Z# #..>...!# *.....#,,,,,,,
#.Z# #.......# *.....*,,,,,*,
#.Z# #.......# *...,,*,,,,,,,
#..############'###'######******
#.........^...AE≈≈≈.......,,,,,,
#.............E@≈≈≈.......,,,,,,
##########################******


You could see Mennas and 2 friendly water elementals.

Vanquished Creatures
  A golden dragon (Vaults:1)
  A kraken (Shoals:4)
  3 vault wardens (Vaults:1)
  A frost giant (Vaults:1)
  A ghost moth (Spider:4)
  6 emperor scorpions
  2 ironheart preservers (Vaults:1)
  3 stone giants
  A juggernaut skeleton (D:15)
  2 entropy weavers
  Nessos (D:15)
  A dire elephant (Lair:6)
  A spark wasp (Spider:4)
  4 merfolk javelineers
  4 yaktaur captains (Vaults:1)
  3 merfolk impalers
  A great orb of eyes (Vaults:1)
  Fannar (D:11)
  6 vault guards (Vaults:1)
  4 hydras
  3 merfolk avatars (Shoals:4)
  4 catoblepae
  A death knight (D:13)
  An ice dragon (Vaults:1)
  4 centaur warriors
  2 ogre magi
  11 two-headed ogres
  A deep troll shaman (Lair:6)
  2 death yaks
  A tengu warrior (D:14)
  A hell hog (Volcano)
  Sonja (D:13)
  2 deep elf knights
  2 skeletal warriors (D:15)
  A flayed ghost (D:15)
  An unseen horror (D:14)
  A wizard (D:15)
  6 sea snakes
  2 deep trolls (Vaults:1)
  A lindwurm (Lair:6)
  3 ironbrand convokers
  3 deep elf archers
  7 orc knights
  2 harpies
  6 cyclopes
  A necromancer (D:15)
  An orc sorcerer (Orc:2)
  10 wolf spiders
  10 orb spiders
  3 deep elf magi (Vaults:1)
  A stone giant zombie (D:15)
  7 fauns
  15 ugly things
  7 manticores
  7 merfolk sirens
  2 salamanders (Volcano)
  2 moths of wrath
  3 black mambas
  10 elephants
  3 vault sentinels (Vaults:1)
  3 water nymphs
  A torpor snail (Spider:4)
  8 spiny frogs
  6 rime drakes
  2 gargoyles (D:11)
  A kobold demonologist (D:12)
  6 komodo dragons
  10 yaktaurs
  2 freezing wraiths
  4 demonic crawlers
  A tengu conjurer (D:15)
  A yaktaur skeleton (D:15)
  14 merfolk
  A queen bee (Lair:3)
  A polar bear (shapeshifter) (Vaults:1)
  3 polar bears
  5 trolls
  9 jumping spiders
  2 wind drakes
  A dream sheep (D:8)
  10 hornets
  5 snapping turtles
  Grinder (D:3)
  12 hippogriffs
  12 slime creatures
  Sigmund (D:6)
  43 redbacks
  22 tarantellas
  4 water elementals
  7 wyverns
  43 yaks
  3 basilisks
  7 wraiths
  A hog (D:8)
  A fire bat (Volcano)
  2 hungry ghosts
  A steam dragon (D:12)
  An acid dragon (D:8)
  7 porcupines
  A hell hound (Volcano)
  7 water moccasins
  25 orc warriors
  2 phantoms
  5 ice beasts
  2 sky beasts
  7 black bears
  11 ogres
  An eye of draining (D:11)
  20 wolves
  30 centaurs
  13 crocodiles
  3 big kobolds (D:8)
  Blork the orc (D:6)
  A wyvern zombie (D:10)
  12 bullfrogs
  A glowing shapeshifter simulacrum (Vaults:1)
  2 water moccasin zombies
  5 scorpions
  17 killer bees (Lair:3)
  6 wights
  5 howler monkeys
  2 electric eels (D:15)
  3 crimson imps
  2 bullfrog zombies
  3 hounds
  A jelly (D:14)
  10 orc priests
  8 orc wizards
  A bullfrog skeleton (D:6)
  6 centaur skeletons
  3 iguanas
  4 worker ants
  A killer bee zombie (D:10)
  3 big kobold zombies (Ossuary)
  2 hound zombies
  A mummy (Ossuary)
  3 worker ant zombies
  3 gnolls
  4 adders
  A shadow imp (D:11)
  A white imp (Vaults:1)
  An ufetubus (Vaults:1)
  4 adder zombies
  An ooze (D:5)
  2 adder skeletons
  3 worms
  4 leopard geckos
  50 orcs
  7 bats
  3 giant cockroaches
  A gnoll zombie (Ossuary)
  11 goblins
  4 hobgoblins
  5 jackals
  29 kobolds
  4 quokkas
  4 ball pythons
  6 frilled lizards
  A giant cockroach zombie (D:5)
  4 hobgoblin zombies (Ossuary)
  A jackal skeleton (D:7)
  A leopard gecko zombie (D:4)
  An orc zombie (Ossuary)
  27 rats
  2 plants
  5 tentacles
882 creatures vanquished.

Vanquished Creatures (collateral kills)
  Nikola (Shoals:3)
  Arachne (Spider:4)
  A tentacled monstrosity (Vaults:1)
  Polyphemus (Shoals:2)
  2 krakens
  A tengu reaver (Vaults:1)
  Roxanne (Spider:1)
  Ilsuiw (Shoals:2)
  2 fire giants (Vaults:1)
  A frost giant (Vaults:1)
  3 vault wardens
  3 ghost moths (Spider:4)
  4 entropy weavers
  A very ugly thing (Vaults:1)
  A vampire knight (Vaults:2)
  4 ironheart preservers
  Azrael (D:13)
  4 merfolk javelineers (Shoals:4)
  Josephine (Spider:1)
  7 merfolk impalers
  A yaktaur captain (Vaults:1)
  3 ice dragons
  3 vault guards (Vaults:1)
  4 merfolk avatars
  2 hydras
  A merfolk aquamancer (Shoals:4)
  An alligator snapping turtle (Shoals:2)
  A death yak (Shoals:2)
  2 ogre magi
  2 satyrs
  A catoblepas (Vaults:1)
  2 two-headed ogres (Vaults:1)
  A tengu warrior (D:15)
  A deep elf knight (Vaults:2)
  5 sea snakes
  A shadow wraith (Vaults:1)
  3 deep trolls
  2 deep elf magi
  2 ironbrand convokers (Vaults:1)
  4 orc knights
  7 orb spiders
  8 wolf spiders
  4 harpies
  9 ugly things
  2 fauns (Shoals:1)
  3 orc sorcerers
  7 manticores
  A centaur zombie (D:14)
  A guardian serpent (shapeshifter) (Vaults:1)
  9 merfolk sirens
  2 gargoyles (D:14)
  4 vault sentinels
  4 water nymphs
  10 yaktaurs
  7 demonic crawlers
  2 kobold demonologists
  A komodo dragon (D:15)
  A centaur skeleton (D:13)
  4 freezing wraiths
  6 jumping spiders
  2 trolls
  17 merfolk
  A hornet (Vaults:2)
  4 wind drakes
  A harpy skeleton (D:15)
  5 snapping turtles
  4 hippogriffs
  5 slime creatures
  33 redbacks
  A yak (shapeshifter) (Vaults:2)
  3 wraiths
  20 tarantellas
  3 yaks
  4 water elementals
  A fire elemental (D:13)
  A basilisk (Lair:2)
  A tengu zombie (D:15)
  2 wargs
  A water moccasin (Lair:5)
  4 hell hounds (D:13)
  13 orc warriors
  2 phantoms (D:14)
  An eye of draining (Vaults:1)
  8 ogres
  8 centaurs
  An ettin simulacrum (Vaults:2)
  2 crocodiles
  10 big kobolds
  3 bullfrogs
  A wyvern zombie (D:14)
  3 water moccasin zombies (Ossuary)
  A wyvern skeleton (D:7)
  A scorpion (D:8)
  6 killer bees (Lair:3)
  2 wights (D:13)
  A howler monkey (D:6)
  An electric eel (Spider:3)
  5 crimson imps
  A bullfrog zombie (D:8)
  2 hounds
  A jelly (D:14)
  9 orc priests
  A bullfrog skeleton (D:8)
  A gnoll shaman (Orc:1)
  An iguana (D:8)
  10 orc wizards
  2 worker ants
  A killer bee zombie (D:5)
  A big kobold zombie (Ossuary)
  A hound skeleton (D:8)
  A mummy (Ossuary)
  3 worker ant zombies
  7 gnolls
  7 adders
  4 shadow imps
  A white imp (Vaults:1)
  An adder zombie (D:5)
  An ooze (D:3)
  3 adder skeletons
  A worm (D:2)
  2 leopard geckos
  38 orcs
  A ball python (D:7)
  2 giant cockroaches (D:1)
  A gnoll zombie (Ossuary)
  4 hobgoblins
  12 jackals
  6 kobolds
  2 hobgoblin zombies (Ossuary)
  4 kobold zombies (Ossuary)
  A leopard gecko skeleton (D:4)
  A leopard gecko zombie (D:4)
  An orc zombie (Ossuary)
  4 rats
  A butterfly (D:6)
  3 plants
  7 tentacles
507 creatures vanquished.

Vanquished Creatures (others)
  2 orc warriors (Orc:2)
  3 centaurs
  2 killer bees (Lair:3)
  An orc wizard (D:6)
  An adder (D:12)
  2 orcs (Orc:2)
  9 fungi
  17 plants
  3 spectral weapons
  30 tentacles
70 creatures vanquished.

Grand Total: 1459 creatures vanquished

Notes
Turn   | Place    | Note
-------+----------+-------------------------------------------
     0 | D:1      | GordonOverkill the Mummy Wizard began the quest for the
                  | Orb.
     0 | D:1      | Reached XP level 1. HP: 13/13 MP: 5/5
   159 | D:1      | Reached skill level 1 in Conjurations
   458 | D:1      | Reached XP level 2. HP: 20/20 MP: 2/7
   707 | D:1      | Reached skill level 1 in Fighting
   801 | D:1      | Learned a level 2 spell: Call Imp
   804 | D:1      | Learned a level 2 spell: Blink
   807 | D:1      | Learned a level 2 spell: Slow
  1504 | D:2      | Reached XP level 3. HP: 12/26 MP: 3/8
  1587 | D:2      | Reached skill level 1 in Summonings
  1907 | D:2      | Learned a level 3 spell: Conjure Flame
  1931 | D:2      | Found a shadowy altar of Dithmenos.
  2956 | D:2      | Reached XP level 4. HP: 32/32 MP: 8/10
  2979 | D:2      | Found a sparkling altar of Nemelex Xobeh.
  3133 | D:3      | Found a hazy altar of Hepliaklqana.
  3136 | D:3      | Found a burning altar of Makhleb.
  3139 | D:3      | Found a sacrificial altar of Ru.
  3142 | D:3      | Found a radiant altar of Vehumet.
  3921 | D:3      | Noticed Grinder
  3924 | D:3      | Paralysed by Grinder for 6 turns
  3966 | D:3      | Paralysed by Grinder for 2 turns
  4363 | D:4      | Noticed an ogre
  4375 | D:4      | Killed an ogre
  4375 | D:4      | Reached skill level 5 in Spellcasting
  4375 | D:4      | Reached skill level 1 in Evocations
  4375 | D:4      | Reached XP level 5. HP: 29/38 MP: 5/12
  4833 | D:4      | Reached skill level 1 in Translocations
  4861 | D:4      | Learned a level 3 spell: Mephitic Cloud
  4935 | D:3      | Found an ancient bone altar of Kikubaaqudgha.
  5051 | D:3      | Paralysed by Grinder for 2 turns
  5535 | D:4      | Reached XP level 6. HP: 46/46 MP: 7/13
  5892 | D:3      | Paralysed by Grinder for 2 turns
  5982 | D:4      | Found a bloodstained altar of Trog.
  6249 | D:5      | Entered Level 5 of the Dungeon
  6284 | D:4      | Reached skill level 1 in Shields
  6621 | D:5      | Found an iron altar of Okawaru.
  7462 | D:5      | Reached XP level 7. HP: 43/52 MP: 12/15
  7632 | D:6      | Reached skill level 6 in Spellcasting
  7651 | D:6      | Found a staircase to the Ecumenical Temple.
  7672 | Temple   | Entered the Ecumenical Temple
  7739 | D:6      | Identified the +4 falchion of Xom {antimagic, +Rage rElec
                  | rF- MR+}
  7749 | D:6      | Noticed Blork the orc
  7867 | D:6      | Found a hide-covered altar of Uskayaw.
  7881 | D:6      | Killed Blork the orc
  7895 | D:6      | Found a sand-covered staircase.
  7914 | Ossuary  | Entered an ossuary
  8200 | Ossuary  | Reached XP level 8. HP: 27/58 MP: 5/17
  9253 | D:6      | Noticed Sigmund
  9396 | D:6      | Noticed a troll
  9418 | D:6      | Killed a troll
  9418 | D:6      | Reached skill level 1 in Air Magic
  9418 | D:6      | Reached skill level 1 in Poison Magic
  9581 | D:6      | Reached skill level 1 in Fire Magic
  9905 | D:6      | Reached skill level 5 in Summonings
 10166 | D:6      | Found a glowing golden altar of the Shining One.
 10324 | D:6      | Found a staircase to the Ecumenical Temple.
 10334 | D:6      | Found a hide-covered altar of Uskayaw.
 10431 | D:6      | Found a glowing golden altar of the Shining One.
 10469 | D:6      | Killed Sigmund
 10847 | D:3      | Killed Grinder
 11386 | D:7      | Reached XP level 9. HP: 64/64 MP: 9/18
 11803 | D:7      | Found a white marble altar of Elyvilon.
 12282 | D:7      | Found an iron altar of Okawaru.
 12574 | D:8      | Found an opulent altar of Gozag.
 12608 | D:8      | Became a worshipper of Gozag Ym Sagoz the Greedy
 13170 | D:8      | Found a huge runed translucent gate.
 13170 | D:8      | Found a huge runed translucent gate.
 13170 | D:8      | Found a huge runed translucent gate.
 13170 | D:8      | Found a huge runed translucent gate.
 13170 | D:8      | Noticed a polar bear
 13170 | D:8      | Noticed a death yak
 13381 | D:8      | Noticed a kobold demonologist
 13399 | D:8      | Noticed a rust devil
 13408 | D:8      | Noticed a hellwing
 13698 | D:8      | Reached skill level 5 in Fighting
 13704 | D:8      | Killed a kobold demonologist
 14294 | D:8      | Reached skill level 5 in Conjurations
 14838 | D:8      | Found a staircase to the Lair.
 14873 | D:8      | Reached XP level 10. HP: 69/74 MP: 5/19
 15487 | D:8      | Killed a death yak
 16143 | D:8      | Reached skill level 5 in Evocations
 16324 | D:8      | Found an opulent altar of Gozag.
 16637 | D:8      | Found a staircase to the Lair.
 17084 | D:9      | Identified the +7 large shield of Precision Catastrophes
                  | {rN+ MR+}
 17293 | D:9      | Found a blossoming altar of Fedhas.
 17886 | D:10     | Entered Level 10 of the Dungeon
 17890 | D:10     | Found Jafu's Antique Armour Shoppe.
 17898 | D:10     | Bought a glowing helmet for 232 gold pieces
 17898 | D:10     | Bought a runed helmet for 232 gold pieces
 17924 | D:10     | Found a flagged portal.
 17979 | D:10     | Learned a level 4 spell: Airstrike
 17985 | D:10     | Learned a level 5 spell: Lightning Bolt
 17987 | Bailey   | Entered a bailey
 18344 | Bailey   | Noticed an orc knight
 18884 | Bailey   | Reached skill level 7 in Spellcasting
 19448 | Bailey   | Killed an orc knight
 19448 | Bailey   | Reached XP level 11. HP: 81/81 MP: 4/21
 20939 | D:11     | Noticed a cyan ugly thing
 20954 | D:11     | Killed a cyan ugly thing
 21554 | D:11     | Noticed a green ugly thing
 21672 | D:11     | Noticed a green ugly thing
 21678 | D:11     | Killed a white ugly thing
 21736 | D:11     | Noticed a two-headed ogre
 21759 | D:11     | Killed a two-headed ogre
 21759 | D:11     | Reached skill level 5 in Air Magic
 22007 | D:11     | Noticed Fannar
 22026 | D:11     | Killed Fannar
 22060 | D:11     | Killed a green ugly thing
 22842 | Lair:1   | Entered Level 1 of the Lair of Beasts
 24178 | Lair:1   | Got an iridescent glaive
 24184 | Lair:1   | Identified the +7 glaive of Regopod {protect, rPois Int+3
                  | Stlth+} (You found it on level 1 of the Lair of Beasts)
 25032 | Lair:2   | Found a hole to the Spider Nest.
 25205 | Lair:2   | Reached XP level 12. HP: 58/92 MP: 19/23
 25224 | Lair:2   | Reached skill level 8 in Spellcasting
 26445 | Lair:2   | Found a staircase to the Shoals.
 27637 | Lair:3   | Reached skill level 9 in Spellcasting
 27675 | Lair:3   | Noticed a five-headed hydra
 27682 | Lair:3   | Killed a five-headed hydra
 28091 | Lair:3   | Reached skill level 10 in Spellcasting
 29151 | Lair:4   | Noticed a five-headed hydra
 29159 | Lair:4   | Killed a six-headed hydra
 29826 | Lair:5   | Found a staircase to the Slime Pits.
 30297 | Lair:5   | Gained mutation: You are in touch with the powers of death.
                  | [Mummy growth]
 30297 | Lair:5   | Reached XP level 13. HP: 92/101 MP: 23/27
 30977 | Lair:5   | Reached skill level 11 in Spellcasting
 31221 | Lair:5   | Reached skill level 10 in Fighting
 31409 | Lair:5   | Learned a level 4 spell: Sticky Flame
 31429 | Lair:6   | Entered Level 6 of the Lair of Beasts
 31919 | Lair:6   | Found a dark tunnel.
 31969 | Volcano  | Entered a volcano
 31981 | Volcano  | Learned a level 5 spell: Summon Mana Viper
 34486 | Lair:6   | Noticed a dire elephant
 34538 | Lair:6   | Killed a dire elephant
 35400 | D:12     | Reached skill level 1 in Hexes
 36079 | D:12     | Reached XP level 14. HP: 104/110 MP: 22/29
 36540 | D:12     | Reached skill level 10 in Conjurations
 36722 | D:12     | Found a staircase to the Orcish Mines.
 37201 | D:13     | Noticed Azrael
 37498 | D:13     | Noticed Sonja
 37501 | D:13     | Killed Sonja
 38513 | D:13     | Killed Azrael
 38742 | D:14     | You fall through a shaft!
 38742 | D:15     | Entered Level 15 of the Dungeon
 38981 | D:15     | Noticed Nessos
 38994 | D:15     | Killed Nessos
 40521 | D:14     | Noticed an ironheart preserver
 40822 | D:14     | Found a gate to the Vaults.
 40844 | D:14     | Killed an ironheart preserver
 41937 | D:15     | Found a staircase to the Depths.
 42620 | D:15     | Reached skill level 10 in Summonings
 42777 | D:15     | Reached XP level 15. HP: 120/120 MP: 18/30
 43592 | Orc:1    | Entered Level 1 of the Orcish Mines
 43678 | Orc:1    | Found Pounn's Weapon Emporium.
 43733 | Orc:1    | You fall through a shaft!
 43733 | Orc:2    | Entered Level 2 of the Orcish Mines
 43879 | Orc:2    | Reached skill level 5 in Dodging
 44198 | Orc:2    | Found Keteun's Jewellery Boutique.
 44198 | Orc:2    | Found Yczem's Antique Armour Shoppe.
 44201 | Orc:2    | Found Giuv's Book Emporium.
 44203 | Orc:2    | Found Obruney's Assorted Antiques.
 44212 | Orc:2    | Bought a book of Unlife for 845 gold pieces
 44212 | Orc:2    | Bought a book of Death for 910 gold pieces
 44218 | Orc:2    | Learned a level 5 spell: Borgnjor's Vile Clutch
 44226 | Orc:2    | Learned a level 5 spell: Dispel Undead
 44303 | Orc:2    | Found a staircase to the Elven Halls.
 44744 | Orc:2    | Reached skill level 1 in Necromancy
 46235 | Spider:1 | Entered Level 1 of the Spider Nest
 46240 | Spider:1 | Reached skill level 1 in Earth Magic
 47353 | Spider:1 | Noticed Roxanne
 47655 | Spider:1 | Killed Roxanne
 47937 | Spider:1 | Noticed Josephine
 47955 | Spider:1 | Killed Josephine
 49011 | Spider:2 | Reached skill level 5 in Necromancy
 52189 | Spider:4 | Entered Level 4 of the Spider Nest
 52219 | Spider:4 | Killed a ghost moth
 53601 | Spider:4 | Noticed a ghost moth
 53604 | Spider:4 | Killed a ghost moth
 53787 | Spider:4 | Reached XP level 16. HP: 111/130 MP: 6/31
 55138 | Spider:4 | Noticed Arachne
 55325 | Spider:4 | Reached skill level 10 in Necromancy
 55354 | Spider:4 | Reached skill level 5 in Earth Magic
 56050 | Spider:4 | Killed Arachne
 56483 | Spider:4 | Got a gossamer rune of Zot
 56824 | Lair:2   | Learned a level 6 spell: Death Channel
 56858 | Shoals:1 | Entered Level 1 of the Shoals
 57354 | Shoals:1 | Found a runed translucent gate.
 57354 | Shoals:1 | Found a runed translucent gate.
 57354 | Shoals:1 | Found a runed translucent gate.
 57355 | Shoals:1 | Found an opulent altar of Gozag.
 57356 | Shoals:1 | Noticed u8DcoWsLy's ghost (journeyman HuBe)
 57773 | Shoals:1 | You fall through a shaft!
 58357 | Shoals:2 | Noticed Ilsuiw
 58370 | Shoals:2 | Killed Ilsuiw
 58493 | Shoals:2 | Noticed Polyphemus
 58514 | Shoals:2 | Killed Polyphemus
 60044 | Shoals:3 | Noticed a kraken
 60660 | Shoals:3 | Reached skill level 12 in Spellcasting
 60663 | Shoals:3 | Reached XP level 17. HP: 130/137 MP: 17/33
 60667 | Shoals:3 | Noticed Nikola
 60684 | Shoals:3 | Killed Nikola
 60921 | Shoals:3 | Killed a kraken
 61097 | Shoals:4 | Entered Level 4 of the Shoals
 62422 | Shoals:4 | Noticed a kraken
 62489 | Shoals:4 | Killed a kraken
 62587 | Shoals:4 | Learned a level 3 spell: Spectral Weapon
 62758 | Shoals:4 | Noticed a kraken
 63076 | Shoals:4 | Killed a kraken
 63365 | Shoals:4 | Got a barnacled rune of Zot
 64067 | Vaults:1 | Entered Level 1 of the Vaults
 64542 | Shoals:1 | Got a heavily jewelled robe
 64543 | Shoals:1 | Identified the +2 robe "Roifeave" {rC+} (You found it on
                  | level 1 of the Shoals)
 65725 | Vaults:1 | Reached skill level 15 in Fighting
 67025 | Vaults:1 | Reached skill level 5 in Hexes
 67040 | Vaults:1 | Reached skill level 13 in Spellcasting
 67055 | Vaults:1 | Reached XP level 18. HP: 147/149 MP: 18/35
 67120 | Vaults:1 | Noticed a tentacled monstrosity
 67132 | Vaults:1 | Killed a tentacled monstrosity
 67601 | Vaults:1 | Reached skill level 14 in Spellcasting
 67683 | Vaults:1 | Noticed a golden dragon
 67691 | Vaults:1 | Killed a golden dragon
 67894 | Vaults:1 | Reached skill level 15 in Spellcasting
 68079 | Vaults:1 | Got a pitted leather armour
 68080 | Vaults:1 | Identified the +1 leather armour "Calorr" {rElec Int+2
                  | SInv} (You found it on level 1 of the Vaults)
 68273 | Vaults:1 | Got a warped buckler
 68274 | Vaults:1 | Identified the cursed +0 buckler of the Stag {MR+} (You
                  | found it on level 1 of the Vaults)
 69203 | Vaults:2 | Reached skill level 16 in Spellcasting
 69250 | Vaults:2 | Found Kuem's Gadget Boutique.
 69268 | Vaults:2 | Found a flickering gateway to a bazaar.
 69282 | Vaults:2 | Found Xeistri's Armour Emporium.
 69295 | Bazaar   | Entered a bazaar
 69295 | Bazaar   | Found Exzecw's General Store.
 69295 | Bazaar   | Found Inoenemn's General Store.
 69298 | Bazaar   | Bought a scroll of amnesia for 52 gold pieces
 69302 | Bazaar   | Bought a scroll of teleportation for 27 gold pieces
 69306 | Bazaar   | Bought a +1 pair of gloves of dexterity for 247 gold pieces
 69306 | Bazaar   | Bought a scroll of identify for 30 gold pieces
 69320 | Bazaar   | Found Woopnais's General Store.
 69320 | Bazaar   | Found Piposh's General Store.
 69327 | Bazaar   | Bought a scroll of identify for 18 gold pieces
 69331 | Bazaar   | Bought a scroll of teleportation for 39 gold pieces
 69331 | Bazaar   | Bought a phial of floods for 520 gold pieces
 69331 | Bazaar   | Bought a wand of disintegration (15) for 247 gold pieces
 69342 | Bazaar   | Found Likaot's General Store.
 69342 | Bazaar   | Found Vanod's General Store.
 69353 | Bazaar   | Bought a scroll of enchant armour for 82 gold pieces
 69364 | Bazaar   | Found Ahyan's General Store.
 69364 | Bazaar   | Found Duetoej's General Store.
 69371 | Bazaar   | Bought a scroll of enchant weapon for 82 gold pieces
 69371 | Bazaar   | Bought a scroll of identify for 22 gold pieces
 69371 | Bazaar   | Bought a scroll of magic mapping for 38 gold pieces
 69371 | Bazaar   | Bought a scroll of magic mapping for 38 gold pieces
 69375 | Bazaar   | Bought a scroll of enchant armour for 90 gold pieces
 69375 | Bazaar   | Bought a scroll of identify for 24 gold pieces
 70430 | Vaults:2 | Learned a level 8 spell: Infestation
 70600 | Vaults:2 | Noticed Mennas
 70610 | Vaults:2 | HP: 6/149 [Mennas/+3 sacred scourge of holy wrath (9)]
 70610 | Vaults:2 | Mangled by Mennas

Skill      XL: |  1  2  3  4  5  6  7  8  9 10 11 12 13 14 15 16 17 18 |
---------------+-------------------------------------------------------+-----
Conjurations   | 1 2 5 7 8 9 10 | 10.0
Fighting       | 1 2 3 5 6 8 9 10 12 13 15 | 15.0
Summonings     | 1 2 3 5 7 10 11 | 11.0
Spellcasting   | 5 6 7 10 11 12 13 16 | 16.0
Evocations     | 1 2 3 4 5 6 7 |  7.0
Translocations | 1 2 |  2.0
Shields        | 2 3 4 |  4.0
Dodging        | 2 3 4 5 6 |  6.0
Air Magic      | 1 2 6 7 8 |  8.0
Poison Magic   | 1 2 |  2.0
Fire Magic     | 1 2 3 |  3.0
Hexes          | 1 3 5 |  5.0
Necromancy     | 8 12 13 | 13.9
Earth Magic    | 4 5 |  5.0
Stealth        | |  1.5

Action                   |  1- 3 |  4- 6 |  7- 9 | 10-12 | 13-15 | 16-18 || total
-------------------------+-------+-------+-------+-------+-------+-------++-------
Melee: Dagger            |    21 |   111 |   192 |       |       |       ||   324
       Trident           |       |     2 |   324 |   376 |       |   171 ||   873
       Glaive            |       |       |       |   272 |   787 |   227 ||  1286
       Staff             |       |       |       |       |       |     1 ||     1
Throw: Stone             |     2 |       |       |       |       |       ||     2
 Cast: Magic Dart        |   104 |   113 |    89 |   236 |    98 |       ||   640
       Call Imp          |    15 |    60 |   161 |    87 |     4 |       ||   327
       Conjure Flame     |       |     2 |    14 |    60 |    55 |    14 ||   145
       Mephitic Cloud    |       |     1 |    19 |    73 |   114 |     6 ||   213
       Airstrike         |       |       |       |    54 |    18 |    13 ||    85
       Lightning Bolt    |       |       |       |    13 |       |       ||    13
       Sticky Flame      |       |       |       |       |   155 |    41 ||   196
       Summon Mana Viper |       |       |       |       |   210 |   207 ||   417
       Blink             |       |       |       |       |     1 |     1 ||     2
       Borgnjor's Vile C |       |       |       |       |    20 |   225 ||   245
       Dispel Undead     |       |       |       |       |     2 |     6 ||     8
       Death Channel     |       |       |       |       |       |    97 ||    97
       Spectral Weapon   |       |       |       |       |       |    10 ||    10
Invok: Potion Petition   |       |       |     1 |       |     4 |     2 ||     7
Evoke: Wand              |       |     3 |    17 |    56 |    43 |     3 ||   122
       Phial of floods   |       |       |       |       |       |     1 ||     1
  Use: Scroll            |     6 |     3 |     2 |     7 |    13 |    17 ||    48
 Stab: Distracted        |       |     1 |     9 |       |     7 |    11 ||    28
       Confused          |       |     1 |     7 |    37 |    26 |       ||    71
       Sleeping          |       |       |     3 |       |     2 |       ||     5
       Paralysed         |       |       |       |       |     4 |     2 ||     6
Armor: Robe              |     8 |    29 |    77 |   205 |   449 |   185 ||   953
Dodge: Dodged            |    27 |    97 |   183 |   334 |   546 |   267 ||  1454
Block: Buckler           |       |       |   126 |   109 |       |    35 ||   270
       Other             |       |       |       |       |   168 |    49 ||   217
       Reflection        |       |       |       |       |    28 |     7 ||    35
